 Dungeon Crawl Stone Soup version 0.31-a0-344-gd109795599 (webtiles) character file.

Game seed: 12174167668560834071

1480 Newt the Slasher (level 8, 0/63 (64) HPs)
             Began as a Merfolk Fighter on July 21, 2023.
             Was an Initiate of the Shining One.
             Slain by a wight
             ... wielding a +4 short sword
              (7 damage)
             ... on level 7 of the Dungeon.
             The game lasted 00:07:57 (5657 turns).

Newt the Slasher (Merfolk Fighter)                  Turns: 5657, Time: 00:07:57

HP:   0/63 (64)     AC:  9    Str: 17    XL:     8   Next: 79%
MP:   8/8           EV:  8    Int:  7    God:    the Shining One [......]
Gold: 428           SH: 14    Dex: 15    Spells: 7/7 levels left

rFire   . . .        a - +1 long sword
rCold   . . .        g - +0 tower shield
rNeg    . . .        b - +0 scale mail
rPois   .            h - +0 helmet
rElec   .            (no cloak)
rCorr   .            e - +0 pair of gloves
SInv    .            (no boots)
Will    +....        (no amulet) Stlth
                     u - ring of willpower
HPRegen 0.30/turn    (no ring)
MPRegen 0.11/turn

%: no passive effects
@: mighty, on berserk cooldown, slowed, glowing, lightly drained, very slow
A: (nimble swimmer 2), mertail
a: Renounce Religion


You were on level 7 of the Dungeon.
You worshipped the Shining One.
The Shining One was noncommittal.
You visited 2 branches of the dungeon, and saw 8 of its levels.
You also visited: Sewer.

You collected 428 gold pieces.

Inventory:

Hand Weapons
 a - a +1 long sword (weapon)
Missiles
 i - 2 atropa-tipped darts
 y - 2 javelins
Armour
 b - a +0 scale mail (worn)
 c - a +0 buckler
 e - a +0 pair of gloves (worn)
 g - a +0 tower shield (worn)
 h - a +0 helmet (worn)
Jewellery
 u - a ring of willpower (left hand)
Wands
 q - a wand of mindburst (10)
 w - a wand of polymorph (9)
Scrolls
 p - 2 scrolls of enchant weapon
 t - a scroll of teleportation
Potions
 d - 2 potions of might
 f - a potion of berserk rage
 j - a potion of cancellation
 k - 2 potions of degeneration
 l - 2 potions of magic
 m - a potion of lignification
 o - 2 potions of enlightenment {unknown}
 r - 2 potions of haste {unknown}
 s - a potion of attraction {unknown}


   Skills:
 - Level 6.0 Fighting
 - Level 6.0 Long Blades
 - Level 3.0 Throwing
 - Level 4.0 Armour
 + Level 4.5 Dodging
 - Level 6.0 Shields


You had 7 spell levels left.
You didn't know any spells.
Your spell library contained the following spells:

 Spells                   Type           Power      Damage    Failure   Level
 Kiss of Death            Conj/Necr      0%         2d5       100%        1
 Magic Dart               Conj           0%         1d3       100%        1
 Call Imp                 Summ           0%         N/A       100%        2
 Searing Ray              Conj           0%         2d4       100%        2
 Gell's Gravitas          Tloc           0%         N/A       100%        3
 Ignite Poison            Fire/Tmut/Pois 0%         N/A       100%        3
 Mephitic Cloud           Conj/Pois/Air  0%         N/A       100%        3
 Stone Arrow              Conj/Erth      0%         3d7       100%        3
 Teleport Other           Tloc           0%         N/A       100%        3
 Fulminant Prism          Conj/Hex       0%         3d5       100%        4
 Sticky Flame             Conj/Fire      0%         2d3       100%        4
 Dispersal                Tloc           0%         N/A       100%        6
 Ignition                 Fire           0%         3d3       100%        8


Dungeon Overview and Level Annotations

Branches:
Dungeon (7/15)             Temple (1/1) D:6           Sewer (visited)

Altars:
Ashenzari
Cheibriados
Elyvilon
Fedhas
Gozag
Kikubaaqudgha
Makhleb
Nemelex Xobeh
Okawaru
Qazlal
Ru
Uskayaw
Vehumet
Wu Jian
Xom
Yredelemnul
Zin
The Shining One

Shops:
D:5 (


Innate Abilities, Weirdness & Mutations

((You are very nimble when in or above water. (Stealth+, EV+, Speed+++)))
Your lower body shifts to a powerful aquatic tail in water.


Message History

You hit the gnoll but do no damage.
The gnoll is almost dead.
You block the gnoll's attack.
The gnoll hits you from afar with a +0 spear.
* * * LOW HITPOINT WARNING * * *
The gnoll hits you with a +0 halberd!
* * * LOW HITPOINT WARNING * * *
You block the gnoll's attack.
Unknown command.
You feel much better. You block the gnoll's attack.
The gnoll completely misses you. The gnoll hits you with a +0 halberd.
You slash the gnoll!
You kill the gnoll!
The gnoll hits you from afar with a +0 spear.
The wight barely misses you. You block the gnoll's attack.
You block the wight's attack. The gnoll barely misses you.
Unknown command.
You hit the wight but do no damage.
The wight hits you with a +4 short sword!
* * * LOW HITPOINT WARNING * * *
The gnoll hits you from afar with a +0 spear.
* * * LOW HITPOINT WARNING * * *
You block the wight's attack. The gnoll hits you but does no damage.
You completely miss the wight. The wight hits you but does no damage.
The gnoll hits you but does no damage. You block the wight's attack.
You block the gnoll's attack.
Unknown command.
You barely miss the wight.
The wight hits you with a +4 short sword.
* * * LOW HITPOINT WARNING * * *
You feel drained.
* * * LOW HITPOINT WARNING * * *
You block the gnoll's attack. The wight hits you but does no damage.
You block the gnoll's attack.
You feel very mighty all of a sudden.
The wight hits you with a +4 short sword.
* * * LOW HITPOINT WARNING * * *
You block the gnoll's attack.
The wight hits you with a +4 short sword!
You die...

### ## #@# #.## #z#
.....
########g#########.#.##
.......)g..............
......#†###.##<...#..#
###...................
#................#..# .
#.....(###.......# # ).
#...)..# #.##....#


You could see a wight, a gnoll and a goblin.

Vanquished Creatures
  A water moccasin (Sewer)
  A black bear (D:5)
  3 ogres (D:5)
  A phantom (D:5)
  A kobold brigand (D:6)
  2 scorpions
  3 killer bees (D:7)
  A hound (D:5)
  An orc priest (D:6)
  Ijyb (D:5)
  2 gnoll boudas (D:7)
  Jessica (D:2)
  Terence (D:3)
  4 iguanas
  An orc wizard (D:6)
  5 adders
  14 gnolls
  2 ufetubi
  2 worms
  3 dart slugs
  6 orcs
  9 ball pythons
  10 endoplasms
  2 giant cockroaches
  12 goblins
  7 hobgoblins
  2 jackals (D:4)
  2 quokkas
  5 bats
  7 frilled lizards
  22 kobolds
  5 rats
139 creatures vanquished.

Notes
Turn   | Place    | Note
-------+----------+-------------------------------------------
     0 | D:1      | Newt the Merfolk Fighter began the quest for the Orb.
     0 | D:1      | Reached XP level 1. HP: 18/18 MP: 1/1
    94 | D:1      | Reached XP level 2. HP: 17/25 MP: 2/2
   182 | D:1      | Reached skill level 1 in Dodging
   375 | D:1      | Reached XP level 3. HP: 30/30 MP: 3/3
   635 | D:2      | Found a broken altar of Ashenzari.
   908 | D:2      | Noticed Jessica
   916 | D:2      | Killed Jessica
   917 | D:2      | Reached skill level 1 in Throwing
   917 | D:2      | Reached XP level 4. HP: 23/37 MP: 4/4
  1323 | D:3      | Noticed Terence
  1342 | D:3      | Killed Terence
  1343 | D:3      | Reached XP level 5. HP: 23/42 MP: 5/5
  3128 | D:4      | Reached XP level 6. HP: 46/48 MP: 6/6
  3342 | D:5      | Entered Level 5 of the Dungeon
  3357 | D:5      | Reached skill level 5 in Long Blades
  3480 | D:5      | Reached XP level 7. HP: 40/54 MP: 7/7
  3578 | D:5      | Identified the +1 robe of the Realm of Zot {+Inv rCorr
                  | Str-2 Int+3}
  3796 | D:5      | Found Teurghy's Weapon Boutique.
  3894 | D:5      | Found a white marble altar of Elyvilon.
  4012 | D:5      | Noticed Ijyb
  4026 | D:5      | Killed Ijyb
  4027 | D:5      | Reached XP level 8. HP: 34/60 MP: 8/8
  4550 | D:6      | Reached skill level 5 in Shields
  4576 | D:6      | Found a glowing drain.
  4578 | D:6      | Got Sif Muna's Verses on Calorific Bombardment
  4596 | Sewer    | Entered a sewer
  4836 | D:6      | Identified the +7 flail "Jellyslayer" {freeze, rElec rPois
                  | MP+9}
  5154 | D:6      | Found a staircase to the Ecumenical Temple.
  5163 | Temple   | Entered the Ecumenical Temple
  5172 | Temple   | Became a worshipper of the Shining One
  5440 | D:6      | Found an iron altar of Okawaru.
  5620 | D:7      | Reached skill level 5 in Fighting
  5657 | D:7      | Slain by a wight

Illustrated notes

Levels and vault maps discovered:
D:1:      minmay_arrival_five_plusses, layout_rooms, minmay_octomino_j4
D:2:      layout_loops_ring, basic_altar, kennysheep_jessica_study
D:3:      layout_loops_cross, nicolae_kite_square_tiling_tiny, uniq_jessica,
          uniq_terence
D:4:      layout_basic
D:5:      layout_basic, nicolae_elyvilon_temple_path, serial_shops, shop,
          st_stairs_8, uniq_ijyb
D:6:      layout_gridville, okawaru_altar_gauntlet_db,
          minmay_temple_entry_statues_fountains, cheibrodos_sewer_entry_bend,
          fountainhead
D:7:      layout_basic, enter_bailey_5, kennysheep_minor_cross
Temple:   nicolae_temple_superstar

Skill      XL: |  1  2  3  4  5  6  7  8 |
---------------+-------------------------+-----
Fighting       | 4 6 |  6.0
Dodging        | 2 4 |  4.5
Throwing       | 1 2 3 |  3.0
Long Blades    | 4 6 |  6.0
Armour         | 4 |  4.0
Shields        | 4 6 |  6.0

Action                     |  1- 3 |  4- 6 |  7- 9 || total
---------------------------+-------+-------+-------++-------
  Melee: Long sword        |   106 |   200 |   217 ||   523
         Tailslap          |       |     2 |     3 ||     5
  Throw: Dart              |       |     1 |       ||     1
         Javelin           |       |       |     1 ||     1
  Evoke: Wand              |       |       |     3 ||     3
    Use: Scroll            |     4 |     2 |     5 ||    11
         Potion            |       |     4 |     4 ||     8
 Armour: Scale mail        |    51 |    70 |   102 ||   223
  Dodge: Dodged            |    42 |    59 |    76 ||   177
  Block: Buckler           |    10 |       |       ||    10
         Tower shield      |    70 |   180 |   232 ||   482

Table legend: (Time is in decaauts)
 A = Elapsed time spent in this place.
 B = Non-inter-level travel time spent in this place.
 C = Inter-level travel time spent in this place.
 D = Time resting spent in this place.
 E = Time spent auto-exploring this place.
 F = Levels seen in this place.
 G = Mean time per level.
                   A        B        C        D        E       F      G
               +--------+--------+--------+--------+--------+-----+--------+
         Total |   5919 |   5742 |    177 |    691 |   3679 |   9 |  657.7 |
       Dungeon |   5771 |   5612 |    159 |    691 |   3590 |   7 |  824.4 |
        Temple |     18 |      1 |     17 |      0 |      0 |   1 |   18.0 |
         Sewer |    129 |    129 |      0 |      0 |     89 |   1 |  129.0 |
               +--------+--------+--------+--------+--------+-----+--------+

Top non-repeatable levels by time:
     D:3: 1198 daAuts
     D:6: 1119 daAuts
     D:4: 1085 daAuts
     D:5: 1023 daAuts
     D:2: 663 daAuts
     D:1: 567 daAuts
   Sewer: 129 daAuts
     D:7: 114 daAuts
  Temple: 18 daAuts
